[Event "Titled Tuesday Blitz February 07 Early 2023"]
[White "Von Buelow, Georg"]
[Black "Sanchez, Robert"]
[WhiteFideId "4620658"]
[BlackFideId "2034360"]
[WhiteElo "2345"]
[BlackElo "1966"]
[Result "0-1"]
[Round "06"]
[TimeControl "180+2"]
[Date "2023.02.07"]
[WhiteClock "0:00:07"]
[BlackClock "0:01:34"]

1. e4 e6 2. d4 d5 3. Nc3 Nf6 4. Bg5 Be7 5. e5 Nfd7 6. h4 h6 7. Bxe7 Qxe7 8. f4 a6 9. Nf3 c5 10. dxc5 Nxc5 11. Qd2 Nc6 12. O-O-O Bd7 13. h5 Rc8 14. Kb1 b5 15. Bd3 Nxd3 16. cxd3 b4 17. Ne2 a5 18. Rc1 a4 19. Qe3 O-O 20. g4 f6 21. Rhg1 fxe5 22. Nxe5 Nxe5 23. Qxe5 Bb5 24. Qe3 a3 25. Nd4 Bd7 26. Rxc8 Bxc8 27. g5 hxg5 28. Rxg5 Qf6 29. Rg4 e5 30. Qxe5 Qxe5 31. fxe5 Bxg4 32. Kc2 Bxh5 0-1


[Site "https://www.chess.com"]

[Event "Titled Tuesday Blitz February 07 Early 2023"]
[White "Bowden, Karl"]
[Black "Bongo Akanga Ndjila, Barthelemy"]
[WhiteFideId "400548"]
[BlackFideId "10609431"]
[WhiteElo "2348"]
[BlackElo "1824"]
[Result "1-0"]
[Round "06"]
[TimeControl "180+2"]
[Date "2023.02.07"]
[WhiteClock "0:00:11"]
[BlackClock "0:00:14"]

1. e4 e6 2. d3 d5 3. Qe2 Nf6 4. e5 Nfd7 5. Nf3 c5 6. g3 Nc6 7. Bg2 b5 8. O-O Bb7 9. Bf4 Qc7 10. c4 bxc4 11. dxc4 d4 12. Na3 a6 13. Nc2 O-O-O 14. b4 h6 15. h4 Be7 16. h5 g5 17. hxg6 fxg6 18. b5 Na5 19. Bd2 axb5 20. cxb5 Bd5 21. Rfc1 Nc4 22. Nfxd4 Qxe5 23. Qxe5 Ndxe5 24. Bf4 g5 25. Bxe5 Nxe5 26. Bxd5 exd5 27. Ne6 Rdg8 28. Nxc5 Nf3+ 29. Kg2 g4 30. Ne3 Kd8 31. Nxd5 Bxc5 32. Rxc5 h5 33. Rd1 Ke8 34. Nf6+ Kf7 35. Nxg8 Rxg8 36. Rxh5 Kg6 37. Rdh1 Rb8 38. Rd5 Ng5 39. Rd4 Rxb5 40. Rxg4 Kf5 41. Rf4+ Kg6 42. Rhh4 Ne6 43. Rhg4+ Kh6 44. Rf6+ Kh5 45. Rh4+ Kg5 46. Rxe6 Ra5 47. Re2 Ra3 48. Rf4 Kg6 49. Rb2 Kg5 50. Rfb4 Ra8 51. a4 Kf6 52. Ra2 Ke7 53. a5 Kd6 54. a6 Kc7 55. a7 Kc8 56. Rb8+ Rxb8 57. axb8=Q+ Kxb8 58. g4 Kc7 59. Re2 Kd6 60. g5 Kd5 61. g6 Kd4 62. Kf1 Kd3 63. g7 Kd4 64. g8=Q 1-0


[Site "https://www.chess.com"]

[Event "Titled Tuesday Blitz February 07 Early 2023"]
[White "Cherniaiev, Tykhon"]
[Black "I_KID_you_not"]
[WhiteFideId "14182360"]
[WhiteElo "2330"]
[BlackElo "2342"]
[Result "1-0"]
[Round "06"]
[TimeControl "180+2"]
[Date "2023.02.07"]
[WhiteClock "0:00:05"]
[BlackClock "0:00:20"]

1. Nf3 c5 2. c4 Nc6 3. Nc3 g6 4. d4 cxd4 5. Nxd4 Bg7 6. Nxc6 bxc6 7. g3 Nf6 8. Bg2 O-O 9. O-O Rb8 10. Qc2 Qa5 11. Bf4 d6 12. a3 Bd7 13. b4 Qh5 14. Rad1 Bh3 15. f3 Bxg2 16. Kxg2 g5 17. g4 Nxg4 18. fxg4 Qxg4+ 19. Bg3 f5 20. h3 Qxc4 21. Rxf5 Rxf5 22. Qxf5 Qxc3 23. Qe6+ Kh8 24. Qxe7 Rf8 25. Rxd6 Qc1 26. Rd8 Qf1+ 27. Kh2 h6 28. Rxf8+ Bxf8 29. Qe4 Bg7 30. a4 h5 31. Qe8+ Kh7 32. Qxh5+ Kg8 33. Qe8+ Kh7 34. Qe4+ Kg8 35. b5 cxb5 36. axb5 Qd1 37. Be5 Bxe5+ 38. Qxe5 Qd2 39. Qb8+ Kf7 40. Qxa7+ Kg6 41. Qb6+ Kh5 42. Qf2 Qd6+ 43. Qg3 Qc5 44. Qf3+ Kg6 45. Qc6+ 1-0


[Site "https://www.chess.com"]

[Event "Titled Tuesday Blitz February 07 Early 2023"]
[White "Florescu, Codrut-Constantin"]
[Black "Jiganchine, Roman"]
[WhiteFideId "1202200"]
[BlackFideId "2603667"]
[WhiteElo "2259"]
[BlackElo "2205"]
[Result "1/2-1/2"]
[Round "06"]
[TimeControl "180+2"]
[Date "2023.02.07"]
[WhiteClock "0:00:19"]
[BlackClock "0:00:03"]

1. e4 c6 2. d4 d5 3. Nc3 dxe4 4. Nxe4 Nf6 5. Nxf6+ exf6 6. c3 Bd6 7. Bd3 Na6 8. Qc2 h5 9. Ne2 Nc7 10. Bf4 Nd5 11. Bxd6 Qxd6 12. O-O O-O 13. a3 a5 14. c4 Nf4 15. Nxf4 Qxf4 16. Rad1 Re8 17. Rd2 h4 18. d5 h3 19. Re2 Bd7 20. g3 Qg5 21. f4 Qh5 22. Rfe1 cxd5 23. c5 d4 24. Be4 Bc6 25. Bxc6 Rxe2 26. Qxe2 Qxe2 27. Rxe2 bxc6 28. Kf2 Rb8 29. Rd2 Rb3 30. g4 Kf8 31. Rxd4 Rxb2+ 32. Kg3 Rb3+ 33. Kh4 Rxa3 34. Rd6 Rc3 35. Rxc6 a4 36. Ra6 a3 37. f5 Ke7 38. Ra7+ Kf8 39. c6 Rxc6 40. Rxa3 Rc2 41. Kxh3 Rc7 42. Kh4 Kg8 43. h3 Kh7 44. Ra8 Rd7 45. Re8 Rc7 46. Re3 Rb7 47. Rd3 Rc7 48. Kg3 Rb7 49. h4 Rc7 50. g5 Rc5 51. Rf3 Rb5 52. Kg4 Rb4+ 53. Rf4 Rb5 54. gxf6 gxf6 55. Ra4 Rb1 56. Ra7 Kg7 57. Ra3 Rg1+ 58. Rg3 Rf1 59. h5 Kh7 60. Rf3 Rh1 61. Ra3 Rg1+ 62. Kf4 Rf1+ 63. Ke4 Re1+ 64. Re3 Rf1 65. Rh3 Re1+ 66. Kf4 Rf1+ 67. Kg4 Rg1+ 68. Rg3 Rf1 69. h6 Rf2 70. Rh3 Rf1 71. Rh2 Rg1+ 72. Kf4 Rf1+ 73. Ke4 Re1+ 74. Kf3 Rf1+ 75. Kg4 Rg1+ 76. Kf4 Rf1+ 77. Kg4 1/2-1/2


[Site "https://www.chess.com"]

[Event "Titled Tuesday Blitz February 07 Early 2023"]
[White "The_Sherman_Variation"]
[Black "Rose, Felix"]
[BlackFideId "5105722"]
[WhiteElo "2461"]
[BlackElo "2091"]
[Result "1-0"]
[Round "06"]
[TimeControl "180+2"]
[Date "2023.02.07"]
[WhiteClock "0:00:24"]
[BlackClock "0:00:02"]

1. e4 e5 2. Nc3 Nf6 3. g3 d5 4. exd5 Nxd5 5. Bg2 Nxc3 6. bxc3 Bc5 7. Nf3 Nc6 8. O-O O-O 9. Rb1 Re8 10. Rb5 Bb6 11. Re1 a6 12. Rb1 e4 13. Nd4 Nxd4 14. cxd4 Qxd4 15. Bb2 Qxf2+ 16. Kh1 Bf5 17. Rf1 Qc5 18. Bc3 Re6 19. Qh5 Bg6 20. Qe2 Bh5 21. g4 Bg6 22. h4 h5 23. g5 Rae8 24. Rbc1 c6 25. Ba1 Bc7 26. Bh3 R6e7 27. Rg1 Qd6 28. Rg2 Qf4 29. Rf1 Qxh4 30. Qe3 Bb6 31. Qb3 e3 32. Rh2 Be4+ 33. Kg1 e2+ 34. Qxb6 exf1=Q+ 35. Bxf1 Qg3+ 36. Rg2 Bxg2 37. Be5 1-0


[Site "https://www.chess.com"]

[Event "Titled Tuesday Blitz February 07 Early 2023"]
[White "Ruiz Aguilar, Pablo Alexander"]
[Black "Bilan, Danila"]
[WhiteFideId "4401352"]
[BlackFideId "24161918"]
[WhiteElo "2161"]
[BlackElo "2303"]
[Result "0-1"]
[Round "06"]
[TimeControl "180+2"]
[Date "2023.02.07"]
[WhiteClock "0:00:01"]
[BlackClock "0:00:04"]

1. e4 c6 2. d4 d5 3. exd5 cxd5 4. c4 Nf6 5. Nc3 Nc6 6. Bg5 e6 7. Nf3 Be7 8. c5 Ne4 9. Bxe7 Qxe7 10. Bb5 Nxc3 11. bxc3 Bd7 12. Bxc6 Bxc6 13. O-O b6 14. Ne5 Qc7 15. cxb6 axb6 16. Qb3 O-O 17. Rfb1 Rfb8 18. a4 Be8 19. Qb4 Ra6 20. a5 h6 21. h3 b5 22. Ra3 Rba8 23. Rba1 f6 24. Nd3 e5 25. Nc5 R6a7 26. a6 e4 27. Qb3 Bc6 28. Nxe4 f5 29. Nc5 f4 30. Qd1 Qd6 31. Qg4 Re8 32. R3a2 Rae7 33. a7 Ba8 34. Ra6 Re1+ 35. Kh2 Qc7 36. Rxe1 Rxe1 37. Re6 f3+ 38. g3 Re2 39. Rxe2 fxe2 40. Qxe2 Qxa7 41. Qe6+ Kh7 42. Qf5+ Kh8 43. Qf8+ Kh7 44. Ne6 Bc6 45. Qf5+ Kh8 46. Qf8+ Kh7 47. Nd8 Qd7 48. Nxc6 Qxc6 49. Qf5+ Kg8 50. Qe5 Qc4 51. Qe6+ Kh7 52. Qe3 Kg8 53. h4 Kh7 54. h5 Kg8 55. g4 Kh7 56. f4 Qa2+ 57. Kg3 Qb3 58. Qd3+ Kg8 59. Kh4 Qb2 60. Kg3 Qc1 61. Qxb5 Qxc3+ 62. Kh4 Qxd4 0-1


[Site "https://www.chess.com"]

[Event "Titled Tuesday Blitz February 07 Early 2023"]
[White "Fernandez, Michael"]
[Black "Koridze, Lile"]
[WhiteFideId "5803560"]
[BlackFideId "13612514"]
[WhiteElo "2181"]
[BlackElo "2191"]
[Result "1-0"]
[Round "06"]
[TimeControl "180+2"]
[Date "2023.02.07"]
[WhiteClock "0:00:16"]
[BlackClock "0:00:34"]

1. b4 d5 2. Bb2 e6 3. Nf3 Nf6 4. b5 Be7 5. a4 O-O 6. e3 c6 7. c4 dxc4 8. Bxc4 Nbd7 9. bxc6 bxc6 10. O-O Rb8 11. Ba3 Bxa3 12. Rxa3 Qa5 13. Nc3 Qb4 14. Qb3 Qc5 15. Qa2 Nb6 16. Be2 Nbd5 17. Rc1 Nb4 18. Qc4 Qd6 19. Ne4 Nxe4 20. Qxe4 Nd5 21. Ra2 Rb4 22. d4 f5 23. Qe5 Qd7 24. a5 Rb3 25. Rac2 Qd8 26. Bc4 Ra3 27. Bxd5 cxd5 28. h4 Bd7 29. Rc7 Rxa5 30. Qd6 Be8 31. Qxd8 1-0


[Site "https://www.chess.com"]

[Event "Titled Tuesday Blitz February 07 Early 2023"]
[White "Wilson, Elvin"]
[Black "Gatterer, Florian"]
[WhiteFideId "2014874"]
[BlackFideId "811688"]
[WhiteElo "2183"]
[BlackElo "2170"]
[Result "1/2-1/2"]
[Round "06"]
[TimeControl "180+2"]
[Date "2023.02.07"]
[WhiteClock "0:00:45"]
[BlackClock "0:00:28"]

1. c4 c6 2. g3 d5 3. Nf3 Nf6 4. Bg2 g6 5. b3 Bg7 6. Bb2 O-O 7. O-O Bg4 8. d3 Bxf3 9. Bxf3 Re8 10. Nd2 e5 11. e4 dxe4 12. dxe4 Nbd7 13. Qc2 Nc5 14. Rfd1 Qd3 15. Qxd3 Nxd3 16. Bc3 Bf8 17. Nf1 Nc5 18. Re1 Rad8 19. Re2 Rd3 20. Re3 Rxe3 21. Nxe3 Nfxe4 22. Bb2 Ng5 23. Be2 f6 24. Rd1 Be7 25. b4 Nce6 26. c5 Rd8 27. Bc4 Rxd1+ 28. Nxd1 Kf7 29. Kg2 a5 30. a3 axb4 31. axb4 Ne4 32. Ne3 h5 33. f4 exf4 34. gxf4 f5 35. Kf3 Bf6 1/2-1/2


[Site "https://www.chess.com"]

[Event "Titled Tuesday Blitz February 07 Early 2023"]
[White "Mazurkiewicz, Michal"]
[Black "Mendez Machado, Andre"]
[WhiteFideId "1124943"]
[BlackFideId "6603793"]
[WhiteElo "2145"]
[BlackElo "1974"]
[Result "1-0"]
[Round "06"]
[TimeControl "180+2"]
[Date "2023.02.07"]
[WhiteClock "0:00:47"]
[BlackClock "0:00:10"]

1. e4 e5 2. Nf3 Nc6 3. d3 Bc5 4. g3 Nf6 5. Bg2 d6 6. O-O a5 7. a4 Ba7 8. Nc3 O-O 9. Nb5 h6 10. Nxa7 Rxa7 11. h3 Ra8 12. c3 Ne8 13. d4 f5 14. exf5 Bxf5 15. dxe5 Be4 16. exd6 Nxd6 17. Nd4 Bxg2 18. Kxg2 Ne5 19. Ne6 Qd7 20. Nxf8 Qc6+ 21. f3 Rxf8 22. Bf4 Nec4 23. Qd4 Nf5 24. Qe4 Qxe4 25. fxe4 Nfe3+ 26. Kg1 Nxf1 27. Rxf1 Nxb2 28. Rb1 Nxa4 29. c4 Nc3 30. Rxb7 Nxe4 31. Rxc7 Ra8 32. Be5 Nf6 33. c5 a4 34. c6 a3 35. Rb7 a2 36. c7 a1=Q+ 37. Bxa1 Rxa1+ 38. Kg2 Ra2+ 39. Kf3 Ra3+ 40. Ke2 Ra2+ 41. Kd3 Ra3+ 42. Kc2 Ra2+ 43. Kb3 1-0


[Site "https://www.chess.com"]

[Event "Titled Tuesday Blitz February 07 Early 2023"]
[White "Alhadad, Mahmoud"]
[Black "Begunov, Konstantin"]
[WhiteFideId "11501863"]
[BlackFideId "4118510"]
[WhiteElo "1840"]
[BlackElo "2325"]
[Result "1-0"]
[Round "06"]
[TimeControl "180+2"]
[Date "2023.02.07"]
[WhiteClock "0:00:56"]
[BlackClock "0:00:07"]

1. e4 c5 2. Nc3 d6 3. f4 g6 4. Nf3 Bg7 5. Bc4 Nc6 6. O-O Nf6 7. d3 O-O 8. Qe1 Nd4 9. Nxd4 cxd4 10. Ne2 Nd7 11. Qf2 Qb6 12. a4 a5 13. b3 e6 14. Bb2 e5 15. f5 Nf6 16. fxg6 hxg6 17. Qh4 Qd8 18. Bc1 Be6 19. Bg5 d5 20. exd5 Bf5 21. Ng3 Qd6 22. Nxf5 gxf5 23. Rxf5 Nh7 24. Raf1 Qg6 25. R1f3 f6 26. Bd2 Rad8 27. d6+ Kh8 28. Rh5 Rxd6 29. Rg3 Qxh5 30. Qxh5 f5 31. Rh3 Rh6 32. Bxh6 1-0


[Site "https://www.chess.com"]

[Event "Titled Tuesday Blitz February 07 Early 2023"]
[White "Silvestre, Christian"]
[Black "Good, Daniel"]
[WhiteFideId "30956269"]
[BlackFideId "1302388"]
[WhiteElo "1942"]
[BlackElo "2141"]
[Result "1-0"]
[Round "06"]
[TimeControl "180+2"]
[Date "2023.02.07"]
[WhiteClock "0:00:42"]
[BlackClock "0:00:03"]

1. d4 Nf6 2. c4 g6 3. Nc3 Bg7 4. e4 d6 5. f4 O-O 6. Nf3 c5 7. d5 e6 8. dxe6 fxe6 9. Bd3 Nc6 10. O-O Nd4 11. Nxd4 cxd4 12. Ne2 e5 13. f5 gxf5 14. exf5 e4 15. Bb1 d3 16. Ng3 Qb6+ 17. Kh1 Bd7 18. Qb3 Qd4 19. Bd2 Ng4 20. h3 Nf2+ 21. Kh2 Be5 22. Bc3 Bxg3+ 23. Kxg3 Qe3+ 24. Kh2 Rxf5 25. c5+ d5 26. Qxb7 Qf4+ 27. g3 Qf3 28. Qxa8+ Rf8 29. Qxd5+ Rf7 30. Qg5+ Kf8 31. Qd8+ Be8 32. Qd6+ Kg8 33. Qe5 Ng4+ 34. hxg4 Qe2+ 35. Kh3 Qxf1+ 36. Kh4 Qh1+ 37. Kg5 Qc1+ 38. Kh4 Qh6+ 39. Qh5 Qc1 40. Qg5+ Qxg5+ 41. Kxg5 Rf1 42. a3 e3 43. Ba2+ Bf7 44. Rxf1 Bxa2 45. Rf3 d2 46. Bxd2 exd2 47. Rd3 1-0


[Site "https://www.chess.com"]

[Event "Titled Tuesday Blitz February 07 Early 2023"]
[White "Mushini Ajay"]
[Black "Hertlein, Irena"]
[WhiteFideId "35066188"]
[BlackFideId "21817618"]
[WhiteElo "2310"]
[BlackElo "1994"]
[Result "1-0"]
[Round "06"]
[TimeControl "180+2"]
[Date "2023.02.07"]
[WhiteClock "0:00:52"]
[BlackClock "0:00:15"]

1. e4 c5 2. Nf3 e6 3. d4 cxd4 4. Nxd4 a6 5. Bd3 Bc5 6. Nb3 Ba7 7. O-O Nc6 8. c4 Nge7 9. Nc3 O-O 10. Qe2 d5 11. exd5 exd5 12. cxd5 Nxd5 13. Bxh7+ Kxh7 14. Qh5+ Kg8 15. Nxd5 Be6 16. Nf4 Bxb3 17. axb3 Qf6 18. Nd5 Qd4 19. Be3 Qxb2 20. Rab1 Qe5 21. Qxe5 Nxe5 22. Ne7+ Kh7 23. Rfd1 Bxe3 24. fxe3 Rfd8 25. h3 g6 26. Rd4 Rxd4 27. exd4 Nd3 28. Rd1 Nf4 29. Rf1 g5 30. g3 Ne2+ 31. Kg2 Nxd4 32. Rxf7+ Kh6 33. Rf6+ Kh7 34. Rb6 Re8 35. Rxb7 a5 36. Nf5+ Kg6 37. Nxd4 Rd8 38. Nf3 Rd3 39. Rb5 Rc3 40. Rxg5+ Kf6 41. Rxa5 Rc2+ 42. Kf1 Rc1+ 43. Kf2 Rc2+ 44. Ke3 Rc3+ 45. Kf4 Rc6 46. g4 Kg6 47. Ne5+ 1-0


[Site "https://www.chess.com"]

[Event "Titled Tuesday Blitz February 07 Early 2023"]
[White "Simonovic, Miroslav"]
[Black "Kalajzic, Ivan"]
[WhiteFideId "919152"]
[BlackFideId "14506378"]
[WhiteElo "2082"]
[BlackElo "2062"]
[Result "0-1"]
[Round "06"]
[TimeControl "180+2"]
[Date "2023.02.07"]
[WhiteClock "0:00:04"]
[BlackClock "0:00:07"]

1. d4 Nc6 2. Bg5 h6 3. Bh4 g5 4. Bg3 Bg7 5. e3 d6 6. c4 Bf5 7. Bd3 Qd7 8. Nc3 Nf6 9. e4 Bg6 10. Nge2 O-O 11. a3 e5 12. d5 Nd4 13. O-O c5 14. dxc6 bxc6 15. b4 Nh5 16. f3 Nf4 17. Bxf4 exf4 18. Rc1 a5 19. Bc2 Qa7 20. Kh1 Be5 21. b5 Nxe2 22. Nxe2 Rfc8 23. a4 cxb5 24. cxb5 Rc5 25. Bb3 Rac8 26. Qd2 Kg7 27. Bd5 f6 28. Bc6 Bf7 29. Rxc5 dxc5 30. Rd1 c4 31. Nc3 Qe3 32. Nd5 Bxd5 33. exd5 c3 34. Qc2 Bd6 35. b6 Bc5 36. b7 Rd8 37. h3 h5 38. Qd3 Qxd3 39. Rxd3 Bb4 40. Rd1 Ba3 41. Rb1 c2 42. Ra1 c1=Q+ 43. Rxc1 Bxc1 44. Kg1 Be3+ 45. Kf1 Kf8 46. Ke2 Ke7 47. Kd3 Kd6 48. Ke4 Rf8 49. Kd3 Ba7 50. Kc4 Bb8 51. Kb5 Bc7 52. Ka6 Rf7 53. Ka7 Re7 54. b8=Q Bxb8+ 55. Kxb8 Re2 56. Ka7 Rxg2 57. Ka6 g4 58. hxg4 hxg4 59. fxg4 f3 60. Kxa5 f2 61. Kb6 f1=Q 62. a5 Rb2+ 63. Ka7 Qb1 64. a6 Rb8 65. Bb7 Rd8 66. g5 Kc7 67. d6+ Rxd6 68. Ka8 Rd8+ 69. Ka7 Qb6# 0-1


[Site "https://www.chess.com"]

[Event "Titled Tuesday Blitz February 07 Early 2023"]
[White "Ricaurte Lopez, Juan Carlos"]
[Black "Buscar, Michael"]
[WhiteFideId "3600327"]
[BlackFideId "2603616"]
[WhiteElo "2226"]
[BlackElo "2041"]
[Result "0-1"]
[Round "06"]
[TimeControl "180+2"]
[Date "2023.02.07"]
[WhiteClock "0:00:08"]
[BlackClock "0:01:02"]

1. e3 d5 2. c4 e6 3. b3 dxc4 4. bxc4 Qf6 5. Nc3 Bb4 6. Bb2 Ne7 7. f4 Qg6 8. Nf3 Qh5 9. h3 b6 10. g4 Qc5 11. d4 Bxc3+ 12. Bxc3 Qa3 13. Qd2 Bb7 14. Bg2 a5 15. O-O Nd7 16. Rfb1 Nf6 17. Rb3 Qd6 18. c5 Qd8 19. Ne5 Ne4 20. Bxe4 Bxe4 21. cxb6 cxb6 22. Bb2 h5 23. g5 f6 24. Nc4 fxg5 25. Nxb6 gxf4 26. Nxa8 Bxa8 27. exf4 O-O 28. Rg3 Qd5 29. Kh2 Nf5 30. Rg5 h4 31. Rag1 Rc8 32. Ba3 Qe4 33. Qf2 Rc2 0-1


[Site "https://www.chess.com"]

[Event "Titled Tuesday Blitz February 07 Early 2023"]
[White "Fabris, Alberto"]
[Black "Santos Flores, Alberto"]
[WhiteFideId "801348"]
[BlackFideId "3601234"]
[WhiteElo "2230"]
[BlackElo "2164"]
[Result "0-1"]
[Round "06"]
[TimeControl "180+2"]
[Date "2023.02.07"]
[WhiteClock "0:00:01"]
[BlackClock "0:00:06"]

1. e4 c5 2. Nf3 Nc6 3. Bb5 g6 4. O-O Bg7 5. Re1 Nf6 6. c3 O-O 7. d4 cxd4 8. cxd4 d5 9. e5 Ne4 10. Nc3 Nxc3 11. bxc3 Bg4 12. h3 Bxf3 13. Qxf3 e6 14. Ba3 Re8 15. Bd3 Bf8 16. Bxf8 Rxf8 17. Qg3 Rc8 18. Rac1 Na5 19. h4 Kg7 20. h5 Qe7 21. f4 Rc6 22. f5 exf5 23. Bxf5 Nc4 24. Bd3 b5 25. Re2 a5 26. Rce1 b4 27. cxb4 axb4 28. Qf3 Qd7 29. Bc2 Ra6 30. Bb3 Re8 31. Qd3 Qg4 32. hxg6 hxg6 33. Bxc4 dxc4 34. Qxc4 Raa8 35. Re4 Qg3 36. Qe2 Rad8 37. Rd1 Rd5 38. e6 fxe6 39. Rxe6 Rxe6 40. Qxe6 Qd6 41. Qxd6 Rxd6 42. Kf2 Kf6 43. Ke3 Ke6 44. Ke4 Ra6 45. Rd2 Ra3 46. Rb2 Kd7 47. Kd5 Rg3 48. Kc4 Rg4 49. Rxb4 Rxg2 50. a4 g5 51. Rb6 g4 52. Rg6 g3 53. Kd5 Rg1 54. Rg7+ Ke8 55. Kd6 g2 56. d5 Kf8 57. Rg3 Ke8 58. a5 Kf7 59. a6 Ra1 60. Rxg2 Rxa6+ 61. Kc7 Ra7+ 62. Kb6 Rd7 63. Kc6 Ra7 64. Re2 Ra1 65. d6 Rc1+ 66. Kb7 Kf6 67. d7 Rd1 68. Kc8 Rc1+ 69. Kd8 Rd1 70. Rc2 Ke6 71. Rc6+ Kf7 72. Ra6 Rd2 73. Ra3 Ke6 74. Re3+ Kf7 75. Re4 Rc2 76. Rb4 Ke6 77. Rb6+ Kf7 78. Rb7 Ra2 79. Kc7 Rc2+ 80. Kd6 Rd2+ 81. Kc6 Rc2+ 82. Kd6 Rd2+ 83. Kc7 Rc2+ 84. Kd8 Rc1 85. Rc7 Ra1 86. Kc8 Ra8+ 87. Kb7 Rd8 88. Kc6 Ke6 89. Rb7 Ke7 90. Ra7 Ke6 0-1


[Site "https://www.chess.com"]

[Event "Titled Tuesday Blitz February 07 Early 2023"]
[White "Womacka, Mathias"]
[Black "Prudnykova, Olga"]
[WhiteFideId "4611390"]
[BlackFideId "14121093"]
[WhiteElo "2396"]
[BlackElo "2268"]
[Result "1-0"]
[Round "06"]
[TimeControl "180+2"]
[Date "2023.02.07"]
[WhiteClock "0:01:19"]
[BlackClock "0:00:49"]

1. e4 c5 2. Nf3 Nf6 3. Nc3 e6 4. d4 cxd4 5. Nxd4 Nc6 6. Ndb5 Bc5 7. Bf4 O-O 8. Bc7 Qe7 9. Bd6 Bxd6 10. Qxd6 Qd8 11. Nc7 Rb8 12. Be2 a6 13. e5 Ne8 14. Nxe8 Rxe8 15. Bf3 Ra8 16. O-O-O Qa5 17. Rhe1 Ne7 18. Be4 Ra7 19. Kb1 b5 20. f4 g6 21. h4 b4 22. Ne2 Rc7 23. h5 Qc5 24. Qd2 Bb7 25. Bxb7 Rxb7 26. hxg6 fxg6 27. Ng3 Rc7 28. Ne4 Kg7 29. Nxc5 1-0


[Site "https://www.chess.com"]

[Event "Titled Tuesday Blitz February 07 Early 2023"]
[White "Gurevich, Dmitry"]
[Black "Balint, Vilmos"]
[WhiteFideId "2000407"]
[BlackFideId "718050"]
[WhiteElo "2393"]
[BlackElo "2169"]
[Result "1-0"]
[Round "06"]
[TimeControl "180+2"]
[Date "2023.02.07"]
[WhiteClock "0:01:54"]
[BlackClock "0:02:30"]

1. d4 f5 2. Nf3 Nf6 3. Bg5 g6 4. Bxf6 exf6 5. e3 Bg7 6. Bc4 d5 7. Bb3 O-O 8. c4 dxc4 9. Bxc4+ Kh8 10. h4 h5 11. Nc3 Qe8 12. Ne2 Be6 13. Bxe6 Qxe6 14. Nf4 Qf7 15. Qb3 Kh7 16. Qxb7 Nd7 17. Qb3 Qxb3 18. axb3 Rfb8 19. Nd2 Bf8 20. Ke2 Bb4 21. Rhc1 c5 22. Ne6 Kh6 23. dxc5 Bxd2 24. Kxd2 Rxb3 25. Rc2 Re8 26. Nd4 f4 27. Nxb3 1-0


[Site "https://www.chess.com"]

[Event "Titled Tuesday Blitz February 07 Early 2023"]
[White "Kaplan, Avi Harrison"]
[Black "Zanette, Edgard Vinicius"]
[WhiteFideId "30934559"]
[BlackFideId "2109263"]
[WhiteElo "2146"]
[BlackElo "2085"]
[Result "1-0"]
[Round "06"]
[TimeControl "180+2"]
[Date "2023.02.07"]
[WhiteClock "0:00:07"]
[BlackClock "0:00:14"]

1. Nf3 c5 2. e4 d6 3. d4 cxd4 4. Nxd4 Nf6 5. Nc3 a6 6. h4 e5 7. Nb3 Be7 8. Be2 h5 9. Bg5 Be6 10. Qd2 Nbd7 11. O-O-O Rc8 12. Kb1 Rxc3 13. Qxc3 Nxe4 14. Qf3 Nxg5 15. hxg5 Bg4 16. Qd3 Bxe2 17. Qxe2 Bxg5 18. Rxh5 Rxh5 19. Qxh5 Be7 20. Qh8+ Nf8 21. Qxg7 Qb6 22. Qg3 a5 23. Nd2 Qd4 24. Qf3 Qb4 25. Ne4 Ne6 26. a3 Qb6 27. Nf6+ Bxf6 28. Qxf6 Nd4 29. c3 Qb3 30. Rc1 Ne2 31. Qxd6 Nxc1 32. Qxe5+ Kd7 33. Kxc1 Qa2 34. Qxa5 Qa1+ 35. Kc2 Qf1 36. Qd5+ Kc8 37. Qf3 Qc4 38. b3 Qe6 39. Qd3 Qe1 40. f3 Qf2+ 41. Qd2 Qc5 42. Kb2 Qg1 43. a4 Qc5 44. Qd4 Qg5 45. Qc4+ Kb8 46. Qxf7 Qxg2+ 47. Ka3 Qc2 48. Qc4 Qc1+ 49. Kb4 Qe3 50. Qg8+ Ka7 51. Qd5 Qb6+ 52. Qb5 Qf2 53. Qc5+ Qxc5+ 54. Kxc5 1-0


[Site "https://www.chess.com"]

[Event "Titled Tuesday Blitz February 07 Early 2023"]
[White "Sovetbekova, Nurai"]
[Black "Herman, Daniel"]
[WhiteFideId "13801910"]
[BlackFideId "30935008"]
[WhiteElo "1764"]
[BlackElo "1956"]
[Result "1-0"]
[Round "06"]
[TimeControl "180+2"]
[Date "2023.02.07"]
[WhiteClock "0:00:32"]
[BlackClock "0:00:03"]

1. d4 Nf6 2. c4 g6 3. Nc3 d5 4. cxd5 Nxd5 5. Bd2 Bg7 6. e4 Nb6 7. Be3 O-O 8. h3 Nc6 9. Nf3 e5 10. d5 Na5 11. Bxb6 axb6 12. b4 f5 13. bxa5 Rxa5 14. Bc4 Rc5 15. Qd3 Kh8 16. O-O c6 17. Rfd1 cxd5 18. Nxd5 fxe4 19. Qxe4 Bf5 20. Qe2 e4 21. Nd4 Rxd5 22. Nxf5 Bxa1 23. Rxd5 Qf6 24. Ne3 Bd4 25. Qd2 Bxe3 26. Qxe3 Qa1+ 27. Kh2 Re8 28. Qd4+ Qxd4 29. Rxd4 e3 30. fxe3 Rxe3 31. Rd7 Rc3 32. Bb3 Rc6 33. Rxb7 Rd6 34. Re7 Rf6 35. Re6 Rxe6 36. Bxe6 Kg7 37. Kg3 Kf6 38. Bb3 h6 39. Kf4 h5 40. h4 1-0


[Site "https://www.chess.com"]

[Event "Titled Tuesday Blitz February 07 Early 2023"]
[White "Osmonbekov, Talaibek"]
[Black "Sai Han Thiha"]
[WhiteFideId "2017253"]
[BlackFideId "13012290"]
[WhiteElo "2137"]
[BlackElo "2070"]
[Result "0-1"]
[Round "06"]
[TimeControl "180+2"]
[Date "2023.02.07"]
[WhiteClock "0:00:08"]
[BlackClock "0:00:24"]

1. d4 Nf6 2. Bf4 e6 3. Nc3 c5 4. e3 cxd4 5. exd4 d6 6. Nf3 a6 7. Bd3 Be7 8. O-O O-O 9. Re1 Nbd7 10. Qe2 b5 11. Ng5 Nb6 12. Nce4 Nxe4 13. Qxe4 f5 14. Qc6 Nd5 15. Qxa8 Nxf4 16. Nf3 Qc7 17. Bf1 Bb7 18. Qa7 Ra8 19. Qxa8+ Bxa8 20. Rac1 Bxf3 21. gxf3 Qb7 22. Re3 Bg5 23. Rce1 Kf7 24. c4 bxc4 25. Bxc4 Nh3+ 26. Kg2 Bxe3 27. fxe3 Ng5 28. Be2 Qxb2 0-1


[Site "https://www.chess.com"]

[Event "Titled Tuesday Blitz February 07 Early 2023"]
[White "Andrews, Todd"]
[Black "Zampronha, Wladimir Camilo"]
[WhiteFideId "2012456"]
[BlackFideId "2103087"]
[WhiteElo "2220"]
[BlackElo "2176"]
[Result "1/2-1/2"]
[Round "06"]
[TimeControl "180+2"]
[Date "2023.02.07"]
[WhiteClock "0:00:04"]
[BlackClock "0:00:24"]

1. e4 c5 2. Nf3 e6 3. d3 Nc6 4. g3 d5 5. Nbd2 Bd6 6. Bg2 Nge7 7. O-O O-O 8. Re1 Bc7 9. c3 b5 10. e5 a5 11. Nf1 a4 12. a3 b4 13. h4 bxc3 14. bxc3 Ba6 15. h5 h6 16. Bf4 Rb8 17. Qd2 Rb3 18. N1h2 d4 19. c4 Ba5 20. Qe2 Bxe1 21. Rxe1 Rxa3 22. Ng4 Nf5 23. Nd2 Ra2 24. Bxc6 Qb6 25. Be4 Rb8 26. Bxf5 exf5 27. e6 Rf8 28. e7 Re8 29. Nh2 Bb7 30. Qe5 Qc6 31. f3 a3 32. Qxf5 Rb2 33. Ra1 a2 34. Nhf1 Rxe7 35. Ne4 Bc8 36. Qd5 Qxd5 37. cxd5 Bh3 38. Nfd2 Reb7 39. Kh2 Bf5 40. d6 Bxe4 41. fxe4 Kf8 42. Kh3 Ke8 43. Nc4 Re2 44. Nd2 Rb2 45. Kg4 Rbxd2 46. Bxd2 Rxd2 47. Kf4 Kd7 48. Ke5 Rxd3 49. Kd5 Rd2 50. Kxc5 d3 51. Kd4 Kxd6 52. Kc3 Rg2 53. Kxd3 Ke5 54. Kc4 Kxe4 55. Re1+ Kf5 56. Kd5 Rb2 57. Rf1+ Kg5 58. Ra1 f5 59. Ke5 Kg4 60. Ke6 Re2+ 61. Kf7 Kxg3 62. Kxg7 f4 63. Kxh6 f3 64. Kg5 f2 65. h6 Re1 66. h7 Rxa1 67. h8=Q f1=Q 68. Qh4+ Kg2 69. Qg4+ Kf2 70. Qf4+ Ke1 71. Qe3+ Qe2 72. Qc3+ Kf2 73. Qxa1 Qe3+ 74. Kf5 Qd3+ 75. Kg5 Qc2 76. Qf6+ Kg2 77. Qa1 Kf2 78. Qd4+ Ke2 79. Qe5+ Kd2 80. Qd4+ Kc1 81. Qa1+ Kd2 82. Qd4+ Kc1 83. Qa1+ Qb1 84. Qc3+ Kd1 85. Qd4+ Kc2 86. Qc4+ Kb2 87. Qd4+ Kc1 88. Qc3+ Qc2 89. Qa1+ 1/2-1/2


[Site "https://www.chess.com"]